 Dungeon Crawl Stone Soup version 0.27-a0-1193-g8631133539 (webtiles) character file.

Game seed: 2247469390010146849

35 pilgrim the Vexing (level 3, 0/20 HPs)
             Began as a Deep Elf Arcane Marksman on May 26, 2021.
             Hit by a stone thrown by a hobgoblin (1 damage)
             ... on level 2 of the Dungeon.
             The game lasted 00:03:59 (2000 turns).

pilgrim the Vexing (Deep Elf Arcane Marksman)       Turns: 2000, Time: 00:03:59

Health: 0/20       AC:  3    Str:  8    XL:     3   Next: 16%
Magic:  6/7        EV: 13    Int: 17    God:
Gold:   29         SH:  0    Dex: 15    Spells: 4/5 levels left

rFire    . . .     SeeInvis .   b - +0 dagger
rCold    . . .     Faith    .   (no shield)
rNeg     . . .     Spirit   .   e - +0 robe
rPois    .         Reflect  .   c - +0 helmet
rElec    .         Harm     .   (no cloak)
rCorr    .         Rampage  .   (no gloves)
Will     .....                  (no boots)
Stlth    ++........             (no amulet)
HPRegen  0.06/turn              (no ring)
MPRegen  0.10/turn              (no ring)

@: no status effects
A: no striking features
a: no special abilities


You were on level 2 of the Dungeon.
You visited 1 branch of the dungeon, and saw 2 of its levels.

You collected 29 gold pieces.

Inventory:

Hand Weapons
 a - a +0 shortbow
 b - a +0 dagger (weapon)
Missiles
 d - 14 arrows
Armour
 c - a +0 helmet (worn)
 e - a +0 robe (worn)
Jewellery
 m - a +4 ring of protection
Scrolls
 f - 3 scrolls of identify {unknown}
 g - a scroll of immolation {unknown}
Potions
 h - a potion of heal wounds {unknown}
 i - a potion of magic {unknown}
 j - 2 potions of degeneration {unknown}
 k - a potion of flight {unknown}
 l - a potion of ambrosia {unknown}


   Skills:
 + Level 1.3 Fighting
 + Level 3.2 Bows
 + Level 2.9 Dodging
 * Level 2.2 Stealth
 - Level 1.5 Spellcasting
 - Level 4.0 Hexes


You had 4 spell levels left.
You knew the following spells:

 Your Spells              Type           Power      Damage    Failure   Level
a - Corona                Hex            15%        N/A       4%          1

Your spell library contained the following spells:

 Spells                   Type           Power      Damage    Failure   Level
 Slow                     Hex            14%        N/A       6%          2
 Inner Flame              Hex/Fire       8%         N/A       26%         3
 Portal Projectile        Hex/Tloc       16%        N/A       26%         3
 Cause Fear               Hex            7%         N/A       36%         4
 Leda's Liquefaction      Hex/Erth       4%         N/A       65%         4


Dungeon Overview and Level Annotations

Branches:
Dungeon (2/15)

Altars:

Annotations:
D:2 exclusion: adder


Message History

You kill the ball python!
You see here a ball python corpse.
m - a +4 ring of protection
f - 3 scrolls labelled CAODOIP JICVUFYV (gained 1)
An adder comes into view.
A hobgoblin comes into view. It is wielding a +0 whip.
Casting: Corona (safe; 4% risk of failure)
Confirm with . or Enter, or press ? or * to list all spells.
Aiming: Corona (safe; 4% risk of failure)
Press: ? - help, Shift-Dir - straight line, f - hobgoblin
Aim: a hobgoblin, wielding a +0 whip, wearing a +0 ring mail and quivering stones (wandering, hasn't noticed you, chance to affect: 68%)
The hobgoblin shouts!
The hobgoblin is outlined in light.
The hobgoblin throws a stone.
The stone barely misses you. The hobgoblin hits you with a +0 whip.
You hit the hobgoblin but do no damage. The hobgoblin hits you with a +0 whip.
You are too injured to fight recklessly!
You are too injured to fight recklessly!
You are too injured to fight recklessly!
You hit the hobgoblin but do no damage. The hobgoblin misses you.
You hit the hobgoblin but do no damage. The hobgoblin hits you with a +0 whip.
You hit the hobgoblin but do no damage. The hobgoblin hits you with a +0 whip.
You hit the hobgoblin but do no damage.
The hobgoblin stops glowing.
The hobgoblin hits you with a +0 whip.
You hit the hobgoblin but do no damage. The hobgoblin closely misses you.
You hit the hobgoblin but do no damage. The hobgoblin closely misses you.
Casting: Corona (safe; 4% risk of failure)
Confirm with . or Enter, or press ? or * to list all spells.
You don't know that spell.
Casting: Corona (safe; 4% risk of failure)
Confirm with . or Enter, or press ? or * to list all spells.
Aiming: Corona (safe; 4% risk of failure)
Press: ? - help, Shift-Dir - straight line, f/p - hobgoblin
Aim: a hobgoblin, wielding a +0 whip, wearing a +0 ring mail and quivering stones (chance to affect: 68%)
The hobgoblin is outlined in light.
The hobgoblin closely misses you.
You hit the hobgoblin but do no damage. The hobgoblin closely misses you.
You barely miss the hobgoblin. The hobgoblin hits you with a +0 whip!
* * * LOW HITPOINT WARNING * * *
The hobgoblin throws a stone.
The stone hits you.
You die...

###### .†...#
####.###
#.#.############# #
#..#.........@..#
####.###.#########g#
..÷<## ##....# #.#
...#.###.###.# #.#
##.#..#.## #.# #.#
........# #.# #.#
##.#.#..# #.# #..
#.#.#..####.#####.#
#.#.#.#...........#


You could see a hobgoblin (corona).

Vanquished Creatures
  An adder (D:2)
  A dart slug (D:1)
  3 giant cockroaches (D:1)
  A hobgoblin (D:2)
  4 jackals (D:1)
  A kobold (D:1)
  2 quokkas (D:1)
  4 ball pythons
  A frilled lizard (D:2)
  3 rats (D:1)
21 creatures vanquished.

Notes
Turn   | Place    | Note
-------+----------+-------------------------------------------
     0 | D:1      | pilgrim the Deep Elf Arcane Marksman began the quest for
                  | the Orb.
     0 | D:1      | Reached XP level 1. HP: 11/11 MP: 5/5
   210 | D:1      | Reached skill level 1 in Stealth
   234 | D:1      | Reached skill level 1 in Fighting
   249 | D:1      | Reached XP level 2. HP: 11/16 MP: 4/6
  1562 | D:2      | Reached XP level 3. HP: 10/20 MP: 5/7
  1996 | D:2      | HP: 1/20 [hobgoblin/+0 whip (8)]
  2000 | D:2      | Hit by a stone thrown by a hobgoblin

Illustrated notes

Levels and vault maps discovered:
D:1:      scummos_arrival_checkerplants, layout_loops_ring, grunt_decor_cap
D:2:      layout_loops_ring, shapermc_ecumenical_altar_notcrosses

Skill      XL: |  1  2 |
---------------+-------+-----
Stealth        | 1 2 |  2.2
Fighting       | 1 |  1.3
Bows           | 3 |  3.2
Dodging        | |  2.9
Spellcasting   | |  1.5
Hexes          | |  4.0

Action                   || total
-------------------------++-------
Melee: Unarmed           ||     1
       Dagger            ||    64
 Fire: Shortbow          ||    54
 Cast: Corona            ||    21
 Stab: Sleeping          ||     3
Armor: Robe              ||    22
Dodge: Dodged            ||    71

Table legend: (Time is in decaauts)
 A = Elapsed time spent in this place.
 B = Non-inter-level travel time spent in this place.
 C = Inter-level travel time spent in this place.
 D = Time resting spent in this place.
 E = Time spent auto-exploring this place.
 F = Levels seen in this place.
 G = Mean time per level.
                   A        B        C        D        E       F      G
               +--------+--------+--------+--------+--------+-----+--------+
         Total |   2005 |   1971 |     34 |    538 |   1091 |   2 | 1002.5 |
       Dungeon |   2005 |   1971 |     34 |    538 |   1091 |   2 | 1002.5 |
               +--------+--------+--------+--------+--------+-----+--------+

Top non-repeatable levels by time:
     D:1: 1558 daAuts
     D:2: 446 daAuts
